 Dungeon Crawl Stone Soup version 0.32-a0-640-gc5db3fc80f (webtiles) character file.

Game seed: 12432498514646749854

3 tilp the Vexing (level 1, 0/13 HPs)
             Began as a Vampire Enchanter on Mar 7, 2024.
             Slain by a ball python (2 damage)
             ... on level 1 of the Dungeon.
             The game lasted 00:00:39 (83 turns).

tilp the Vexing (Vampire Enchanter)                   Turns: 83, Time: 00:00:40

Health: 0/13       AC:  2    Str:  7    XL:     1   Next: 41%
Magic:  3/3        EV:  2    Int: 17    God:
Gold:   13         SH:  0    Dex: 14    Spells: 4/4 levels left

rFire   . . .        a - +1 dagger
rCold   . . .        (no shield)
rNeg    . . .        b - +0 robe
rPois   .            (no helmet)
rElec   .            (no cloak)
rCorr   .            (no gloves)
SInv    +            (no boots)
Will    .....        (no amulet)
Stlth   +++          (no ring)
HPRegen 0.42/turn    (no ring)
MPRegen 0.08/turn

%: no passive effects
@: healing quickly, constricted
A: alive, fangs 3, see invisible, vampiric 1
a: Exsanguinate


You were on level 1 of the Dungeon.
You visited 1 branch of the dungeon, and saw 1 of its levels.

You collected 13 gold pieces.

Inventory:

Hand Weapons
 a - a +1 dagger (weapon)
Armour
 b - a +0 robe (worn)
Potions
 c - 2 potions of invisibility
 d - a potion of curing {unknown}


   Skills:
 * Level 0.2 Fighting
 + Level 1.1(1.2) Short Blades
 + Level 0.1(0.6) Long Blades
 + Level 2.2 Dodging
 + Level 4.4 Stealth
 + Level 2.0 Spellcasting
 + Level 4.4 Hexes


You had 4 spell levels left.
You didn't know any spells.
Your spell library contained the following spells:

 Spells                   Type           Power      Damage    Failure   Level
 Confusing Touch          Hex            16%        N/A       10%         3
 Tukima's Dance           Hex            16%        N/A       10%         3
 Ensorcelled Hibernation  Hex/Ice        18%        N/A       12%         2
 Dazzling Flash           Conj/Hex       18%        N/A       24%         3


Dungeon Overview and Level Annotations

Branches:
Dungeon (1/15)

Altars:


Innate Abilities, Weirdness & Mutations

Your natural rate of healing is accelerated.
You have razor-sharp teeth.
You have supernaturally acute eyesight. (SInv)
You are afflicted with vampirism.


Message History

No target in view!
HP restored.
You now have 13 gold pieces.
A quokka comes into view.
You see here a +0 dagger.
A kobold comes into view. It is wielding a +0 whip.
The kobold shouts!
A ball python comes into view.
A giant cockroach comes into view.
A rat comes into view.
The quokka barely misses you.
The giant cockroach moves out of view.
You barely miss the quokka.
The ball python hisses angrily.
Your bite misses the quokka.
The quokka bites you but does no damage.
The quokka attacks as it pursues you! The quokka barely misses you.
The quokka attacks as it pursues you! The quokka misses you.
You see here a +0 dagger.
You see here a frilled lizard corpse.
You don't know any spells.
Unknown command.
You miss the quokka. The quokka closely misses you. x2
You hit the quokka.
The quokka is lightly wounded.
The quokka closely misses you.
You hit the quokka.
The quokka is heavily wounded.
The quokka closely misses you.
You hit the quokka.
The quokka is severely wounded.
The quokka misses you. The ball python closely misses you.
The ball python grabs you. The ball python constricts you.
You barely miss the ball python. Your bite misses the ball python.
The quokka bites you. The ball python bites you.
The ball python constricts you.
* * * LOW HITPOINT WARNING * * *
The ball python's grasp on you weakens, but your attempt to escape fails.
The quokka bites you.
* * * LOW HITPOINT WARNING * * *
The ball python bites you.
You die...

....#.. ......B
......r## #.....K.###
#...#####. ##.S......
##r)######+ ##Br##
#..#@# #.#S.# #+ #.#..#
#.## #.#..# ...##.#..#
##########.#..#.#. .
f#p#g#R#x#....##... ..
###########.#.#######..#
.........'..#......(....


You could see a quokka, a giant cockroach, a ball python and a rat.

Vanquished Creatures
  A giant cockroach (D:1)
  A goblin (D:1)
  A frilled lizard (D:1)
3 creatures vanquished.

Notes
Turn   | Place    | Note
-------+----------+-------------------------------------------
     0 | D:1      | tilp the Vampire Enchanter began the quest for the Orb.
     0 | D:1      | Reached XP level 1. HP: 13/13 MP: 3/3
     2 | D:1      | Noticed an oni
     2 | D:1      | Noticed a naga
     4 | D:1      | Noticed a demonspawn
     6 | D:1      | Noticed an elf
     8 | D:1      | Noticed a draconian
     8 | D:1      | Noticed a troll
    10 | D:1      | Noticed a demigod
    10 | D:1      | Noticed a formicid
    12 | D:1      | Noticed a merfolk
    12 | D:1      | Noticed a dwarf
    14 | D:1      | Noticed a vampire
    16 | D:1      | Noticed a ghoul
    16 | D:1      | Noticed a spriggan
    18 | D:1      | Noticed a barachi
    18 | D:1      | Noticed a tengu
    20 | D:1      | Noticed a vine stalker
    20 | D:1      | Noticed a gargoyle
    22 | D:1      | Noticed a human
    22 | D:1      | Noticed a minotaur
    24 | D:1      | Noticed an armataur
    26 | D:1      | Noticed a djinni
    26 | D:1      | Noticed a felid
    28 | D:1      | Noticed an octopode
    83 | D:1      | Slain by a ball python

Illustrated notes

Levels and vault maps discovered:
D:1:      kb_arrival_jail, layout_basic,
          shapermc_ecumenical_altar_starsandcircs, minmay_3d_cube

Action                     || total
---------------------------++-------
  Melee: Dagger            ||    12
         Bite              ||     1
   Stab: Sleeping          ||     1
 Armour: Robe              ||    11
  Dodge: Dodged            ||    10

Table legend: (Time is in decaauts)
 A = Elapsed time spent in this place.
 B = Non-inter-level travel time spent in this place.
 C = Inter-level travel time spent in this place.
 D = Time resting spent in this place.
 E = Time spent auto-exploring this place.
 F = Levels seen in this place.
 G = Mean time per level.
                   A        B        C        D        E       F      G
               +--------+--------+--------+--------+--------+-----+--------+
         Total |     82 |     82 |      0 |      0 |     57 |   1 |   82.0 |
       Dungeon |     82 |     82 |      0 |      0 |     57 |   1 |   82.0 |
               +--------+--------+--------+--------+--------+-----+--------+

Top non-repeatable levels by time:
     D:1: 82 daAuts
